 Dungeon Crawl Stone Soup version 0.20.1-1-g8b1a95d (webtiles) character file.

16734 vineage the Basher (level 12, -5/114 HPs)
             Began as a Gargoyle Fighter on Sept 2, 2017.
             Was a High Priest of Okawaru.
             Slain by a very large slime creature (17 damage)
             ... on level 12 of the Dungeon.
             The game lasted 00:21:30 (9859 turns).

vineage the Basher (Gargoyle Fighter)               Turns: 9859, Time: 00:21:31

Health: -5/114     AC: 32    Str: 39    XL:     12   Next: 40%
Magic:  0/12       EV:  9    Int: 14    God:    Okawaru [*****.]
Gold:   534        SH:  0    Dex:  7    Spells: 11/11 levels left

rFire    + + .     SeeInvis .   S - +3 great mace (protect)
rCold    . . .     Gourm    .   (shield currently unavailable)
rNeg     + . .     Faith    .   e - +0 plate armour
rPois    ∞         Spirit   +   i - +2 helmet
rElec    +         Reflect  .   L - scarf {Spirit}
rCorr    +         Harm     .   (no gloves)
MR       .....     NoTele   +   (no boots)
Stlth    ..........             o - amulet of regeneration
Regen    0.7/turn               W - ring of the Jester {Fire -Tele Str+10 Int+5 Dex-3}
MPRegen  0.2/turn               n - +2 ring of slaying

@: berserking, resistant, protection aura, flying, very slightly contaminated,
invisible, very quick
A: negative energy resistance 1, electricity resistance, unbreathing,
petrification resistance, rot immunity, AC +8
a: Heroism, Finesse, Renounce Religion


You were on level 12 of the Dungeon.
You worshipped Okawaru.
Okawaru was extremely pleased with you.
You were hungry.

You visited 2 branches of the dungeon, and saw 13 of its levels.

You collected 624 gold pieces.
You spent 90 gold pieces at shops.

Inventory:

Hand Weapons
 S - a +3 great mace of protection (weapon)
Missiles
 Y - 10 javelins of returning (quivered)
Armour
 c - a +1 shield
 e - a +0 plate armour (worn)
 i - a +2 helmet (worn)
 G - a +1 cloak of invisibility
 L - a scarf of spirit shield (worn)
Jewellery
 a - the ring of the Original Sin {Str+3 Dex+3 Stlth+, unknown}
   (You found it on level 12 of the Dungeon)

   [ring of stealth]

   It affects your strength (+3).
   It affects your dexterity (+3).
   It makes you more stealthy.
 l - an uncursed ring of resist corrosion
 n - a +2 ring of slaying (right hand)
 o - an amulet of regeneration (around neck)
 x - an uncursed amulet of guardian spirit
 C - an uncursed ring of see invisible
 K - an uncursed amulet of rage
 Q - an uncursed ring of magical power {unknown}
 T - an uncursed ring of fire {unknown}
 W - the ring of the Jester (left hand) {Fire -Tele Str+10 Int+5 Dex-3}
   (You found it on level 10 of the Dungeon)

   [ring of fire]

   It enhances your fire magic.
   It affects your strength (+10).
   It affects your intelligence (+5).
   It affects your dexterity (-3).
   It protects you from fire.
   It makes you vulnerable to cold.
   It prevents most forms of teleportation.
Wands
 d - a wand of confusion (17/48)
 h - a wand of polymorph (13/24)
 k - a wand of polymorph (19/24)
 y - a wand of acid (6/15)
 J - a wand of paralysis (18/24)
 R - a wand of digging (11/24)
 Z - a wand of lightning (4/15)
Scrolls
 t - 2 scrolls of teleportation
 z - a scroll of amnesia
 O - a scroll of recharging
Potions
 b - 2 potions of magic {unknown}
 q - a potion of brilliance
 u - 2 potions of invisibility
 v - 2 potions of flight
 A - a potion of mutation {unknown}
 D - 2 potions of lignification
 I - a potion of agility {unknown}
 X - a potion of curing {unknown}
Books
 U - a book of Beasts

   Spells                             Type                      Level
   a - Summon Butterflies             Summoning                    1
   b - Call Canine Familiar           Summoning                    3
   c - Summon Ice Beast               Ice/Summoning                4
   d - Summon Mana Viper              Hexes/Summoning              5
   e - Summon Hydra                   Summoning                    7
Comestibles
 f - 7 bread rations
 g - 4 royal jellies
 s - 6 meat rations
 F - 4 fruits


   Skills:
 + Level 9.3 Fighting
 + Level 13.1 Maces & Flails
 + Level 8.3 Armour
 + Level 2.6 Dodging
 + Level 2.2 Stealth
 + Level 11.1 Shields
 + Level 1.1 Unarmed Combat
 + Level 0.9 Invocations


You had 11 spell levels left.
You didn't know any spells.

Dungeon Overview and Level Annotations

Branches:
Dungeon (12/15)            Temple (1/1) D:5            Lair (0/6) D:9
    Orc (0/2) D:12

Altars:
Ashenzari
Cheibriados
Dithmenos
Elyvilon
Gozag
Kikubaaqudgha
Makhleb
Okawaru
Qazlal
Ru
Trog
Uskayaw
Vehumet
Yredelemnul
Zin
The Shining One

Shops:
D:4 *[::!


Innate Abilities, Weirdness & Mutations

You are resistant to torment.
Your stone body is resilient. (AC +8)
You are immune to poison.
You resist negative energy. (rN+)
You are resistant to electric shocks. (rElec)
You can survive without breathing.
You are immune to petrification.
You are immune to rotting.


Message History

* * * LOW HITPOINT WARNING * * *
A red film seems to cover your vision as you go berserk!
You feel yourself moving faster!
You feel mighty!
The slime creature quivers.
The slime creature hits you.
* * * LOW HITPOINT WARNING * * *
The large slime creature closely misses you.
You bludgeon the large slime creature!!
Your weapon exudes an aura of protection.
The large slime creature is heavily wounded.
Two slime creatures merge to form a very large slime creature.
You barely miss the very large slime creature.
The very large slime creature is moderately wounded.
The slime creature quivers.
The very large slime creature hits you but does no damage.
Your plate armour prevents you from hitting the very large slime creature.
The very large slime creature is moderately wounded.
The slime creature quivers.
The very large slime creature hits you!!
You die...

##'###.≈8...>...8..# #
#..###...........## #
##.###...........# #
#..###.........## #####
##.# #.........# ...o# #.#
#.........### ...J#
#####.###....8....#.# ....#
#.......####...####)#
....###....(..#J@##.#.....#
##
....#.........#J###......[#
##. ......#.......o.#
###.....#####..
....###.......###
#...[.......# ....#
#.......# #.)<[.#######
##### ######### #######


You could see a very large slime creature, a slime creature and an orc.

Vanquished Creatures
  A centaur warrior (D:12)
  8 two-headed ogres
  The ghost of vatarom the Carver, a novice DsCK of Xom (D:7)
  2 unseen horrors
  A manticore (D:8)
  A centaur zombie (D:11)
  Maurice (D:8)
  An elephant (D:9)
  A troll (D:12)
  2 hippogriffs
  2 wraiths
  12 yaks
  A basilisk (D:9)
  2 hungry ghosts
  A steam dragon (D:8)
  2 orc warriors (D:7)
  3 sky beasts
  2 black bears
  A hornet zombie (D:11)
  2 ice beasts
  3 phantoms
  2 ogres
  3 centaurs
  3 crocodiles
  4 big kobolds
  4 bullfrogs
  4 scorpions
  A water moccasin skeleton (D:9)
  4 wights (D:12)
  6 killer bees (D:7)
  6 howler monkeys
  5 crimson imps
  A quasit (D:11)
  4 hounds
  3 bullfrog zombies
  Crazy Yiuf (D:2)
  2 centaur skeletons
  4 orc priests
  A jelly (D:12)
  4 orc wizards
  Jessica (D:3)
  2 iguanas (D:11)
  14 worker ants
  8 ogre zombies (D:12)
  A hound zombie (D:9)
  2 hound skeletons (D:4)
  A worker ant zombie (D:10)
  16 adders
  11 gnolls
  3 shadow imps
  2 adder zombies
  2 oozes (D:1)
  An adder skeleton (D:4)
  4 worms
  2 dart slugs (D:3)
  4 leopard geckos
  35 orcs
  A ball python (D:1)
  7 giant cockroaches
  9 goblins
  3 hobgoblins
  2 jackals (D:2)
  17 kobolds
  4 quokkas
  7 bats
  8 frilled lizards
  2 goblin zombies (D:12)
  5 hobgoblin zombies (D:12)
  17 orc zombies (D:12)
  A quokka skeleton (D:8)
  12 rats
316 creatures vanquished.

Notes
Turn   | Place    | Note
-------+----------+-------------------------------------------
     0 | D:1      | vineage the Gargoyle Fighter began the quest for the Orb.
     0 | D:1      | Reached XP level 1. HP: 14/14 MP: 1/1
   228 | D:1      | Reached XP level 2. HP: 16/19 MP: 2/2
   459 | D:1      | Reached XP level 3. HP: 20/24 MP: 3/3
   779 | D:2      | Found a hide-covered altar of Uskayaw.
   839 | D:2      | Found a stormy altar of Qazlal.
  1041 | D:2      | Reached skill level 3 in Maces & Flails
  1041 | D:2      | Reached XP level 4. HP: 22/29 MP: 4/4
  1276 | D:2      | Found a runed door.
  2090 | D:2      | Noticed Crazy Yiuf
  2095 | D:2      | Killed Crazy Yiuf
  2095 | D:2      | Reached XP level 5. HP: 16/33 MP: 5/5
  2344 | D:3      | Noticed Jessica
  2350 | D:3      | Killed Jessica
  2388 | D:3      | Reached skill level 4 in Maces & Flails
  2513 | D:3      | Reached XP level 6. HP: 37/39 MP: 6/6
  2514 | D:3      | Found a faded altar of an unknown god.
  2615 | D:4      | Found Amairet's Book Shop.
  2725 | D:4      | Found Yscher's Distillery.
  2733 | D:4      | Bought a potion of heal wounds for 50 gold pieces
  2733 | D:4      | Bought a potion of might for 40 gold pieces
  2755 | D:4      | Found Arry's Book Shoppe.
  2977 | D:4      | Reached skill level 5 in Maces & Flails
  3025 | D:4      | Found Rimowkig's Antique Armour Boutique.
  3255 | D:4      | Found Cokhlin's General Store.
  3278 | D:5      | Entered Level 5 of the Dungeon
  3288 | D:5      | Reached XP level 7. HP: 44/44 MP: 7/7
  3306 | D:5      | Found a staircase to the Ecumenical Temple.
  3319 | Temple   | Entered the Ecumenical Temple
  3339 | Temple   | Became a worshipper of Warmaster Okawaru
  3441 | D:5      | Reached skill level 5 in Shields
  3557 | D:5      | Found an iron altar of Okawaru.
  3685 | D:5      | Found a bloodstained altar of Trog.
  3686 | D:5      | Found a shadowy altar of Dithmenos.
  3689 | D:5      | Found an ancient bone altar of Kikubaaqudgha.
  3690 | D:5      | Found a radiant altar of Vehumet.
  3692 | D:5      | Found a basalt altar of Yredelemnul.
  4020 | D:6      | Reached skill level 5 in Fighting
  4020 | D:6      | Reached skill level 6 in Maces & Flails
  4077 | D:6      | Reached * piety under Okawaru
  4077 | D:6      | Reached skill level 1 in Dodging
  4146 | D:6      | Reached XP level 8. HP: 49/49 MP: 8/8
  4255 | D:6      | Found a white marble altar of Elyvilon.
  4777 | D:7      | Noticed a two-headed ogre
  4795 | D:7      | Killed a two-headed ogre
  4795 | D:7      | Reached ** piety under Okawaru
  4795 | D:7      | Reached skill level 7 in Maces & Flails
  4795 | D:7      | Reached skill level 5 in Armour
  4795 | D:7      | Reached skill level 1 in Stealth
  4795 | D:7      | Reached XP level 9. HP: 12/55 MP: 9/9
  4824 | D:7      | Reached skill level 8 in Maces & Flails
  4998 | D:7      | Noticed vatarom's ghost (novice DsCK)
  5035 | D:7      | Killed vatarom's ghost
  5155 | D:7      | Reached *** piety under Okawaru
  5155 | D:7      | Reached skill level 9 in Maces & Flails
  5473 | D:7      | Reached XP level 10. HP: 47/61 MP: 10/10
  5738 | D:7      | Reached **** piety under Okawaru
  5975 | D:8      | Noticed a manticore
  5998 | D:8      | Killed a manticore
  6068 | D:8      | Noticed Maurice
  6077 | D:8      | Killed Maurice
  6112 | D:8      | Reached skill level 10 in Maces & Flails
  6142 | D:8      | Found a glowing golden altar of the Shining One.
  6164 | D:8      | Reached skill level 1 in Unarmed Combat
  6756 | D:9      | Found a staircase to the Lair.
  6756 | D:9      | Noticed an elephant
  6803 | D:9      | Killed an elephant
  7124 | D:9      | Noticed a two-headed ogre
  7151 | D:9      | Killed a two-headed ogre
  7151 | D:9      | Reached skill level 10 in Shields
  7151 | D:9      | Reached XP level 11. HP: 30/67 MP: 3/11
  7272 | D:9      | Reached ***** piety under Okawaru
  7466 | D:9      | Found a burning altar of Makhleb.
  7466 | D:9      | Noticed an Executioner
  7719 | D:9      | Noticed a two-headed ogre
  7732 | D:9      | Killed a two-headed ogre
  7732 | D:9      | Received a gift from Okawaru
  7732 | D:9      | Reached skill level 11 in Maces & Flails
  7828 | D:10     | Entered Level 10 of the Dungeon
  7897 | D:10     | Got a smoking granite ring
  8106 | D:10     | Noticed an unseen horror
  8121 | D:10     | Killed an unseen horror
  8438 | D:11     | Noticed a two-headed ogre
  8476 | D:11     | Noticed a two-headed ogre
  8482 | D:11     | Killed a two-headed ogre
  8627 | D:12     | Killed a two-headed ogre
  8726 | D:11     | Received a gift from Okawaru
  8775 | D:11     | Noticed a two-headed ogre
  8780 | D:11     | Killed a two-headed ogre
  8780 | D:11     | Reached skill level 12 in Maces & Flails
  8887 | D:11     | Reached XP level 12. HP: 69/75 MP: 10/12
  9108 | D:11     | Noticed a two-headed ogre
  9117 | D:11     | Killed a two-headed ogre
  9167 | D:11     | Received a gift from Okawaru
  9375 | D:12     | Noticed a two-headed ogre
  9381 | D:12     | Killed a two-headed ogre
  9400 | D:12     | Identified the ring of the Jester {Fire -Tele Str+10 Int+5 Dex-3} (You found it on level 10 of the Dungeon)
  9462 | D:12     | Found a staircase to the Orcish Mines.
  9525 | D:12     | Noticed a centaur warrior
  9535 | D:12     | Killed a centaur warrior
  9535 | D:12     | Reached skill level 13 in Maces & Flails
  9687 | D:12     | Got a bound iron ring
  9859 | D:12     | Slain by a very large slime creature

Skill      XL: |  1  2  3  4  5  6  7  8  9 10 11 12 |
---------------+-------------------------------------+-----
Maces & Flails | 3 4 5 6 7 9 10 12 13 | 13.1
Shields        | 4 5 6 8 10 11 | 11.1
Fighting       | 4 5 6 7 8 9 |  9.3
Armour         | 4 5 6 7 8 |  8.3
Dodging        | 1 2 |  2.6
Stealth        | 1 2 |  2.2
Unarmed Combat | 1 |  1.1
Invocations    | |  0.9

Action                   |  1- 3 |  4- 6 |  7- 9 | 10-12 || total
-------------------------+-------+-------+-------+-------++-------
Melee: Flail             |   235 |   303 |   535 |   503 ||  1576
       Unarmed           |       |       |       |    12 ||    12
       Great mace        |       |       |       |   258 ||   258
Invok: Heroism           |       |       |       |     5 ||     5
  Use: Scroll            |       |     6 |    12 |     6 ||    24
       Potion            |       |       |     4 |    11 ||    15
 Stab: Confused          |       |       |       |     1 ||     1
  Eat: Chunk             |       |     8 |     7 |    14 ||    29
       Fruit             |       |       |     3 |     5 ||     8
       Royal jelly       |       |       |     2 |       ||     2
Armor: Plate armour      |   229 |   229 |   377 |   501 ||  1336
       Skin              |       |       |       |    28 ||    28
Dodge: Dodged            |    32 |    49 |    99 |   255 ||   435
Block: Shield            |   142 |   148 |   367 |   324 ||   981
